 Dungeon Crawl Stone Soup version 0.31-a0-833-gc15d34cb79 (webtiles) character file.

Game seed: 3946175184959879893

45 Kurtz the Chopper (level 3, 0/26 HPs)
             Began as an Octopode Fighter on Sept 25, 2023.
             Slain by a gnoll
             ... wielding a +0 club
              (1 damage)
             ... on level 2 of the Dungeon.
             The game lasted 00:00:33 (626 turns).

Kurtz the Chopper (Octopode Fighter)                 Turns: 626, Time: 00:00:34

Health: 0/26       AC:  1    Str: 15    XL:     3   Next: 64%
Magic:  3/3        EV: 13    Int: 10    God:
Gold:   29         SH:  4    Dex: 13    Spells: 2/2 levels left

rFire   . . .        a - +0 war axe
rCold   . . .        b - +0 buckler
rNeg    . . .        (helmet restricted)
rPois   .            (no amulet)
rElec   .            (no ring)
rCorr   .            (no ring)
SInv    .            (no ring)
Will    .....        (no ring)
Stlth   ++           (no ring)
HPRegen 0.24/turn    (no ring)
MPRegen 0.08/turn    (no ring)
                     (no ring)

%: no passive effects
@: no status effects
A: almost no armour, amphibious, 8 rings, camouflage 1, gelatinous body 1,
(nimble swimmer 1), tentacles
a: no special abilities


You were on level 2 of the Dungeon.
You visited 1 branch of the dungeon, and saw 2 of its levels.

You collected 29 gold pieces.

Inventory:

Hand Weapons
 a - a +0 war axe (weapon)
Missiles
 f - 6 poisoned darts
Armour
 b - a +0 buckler (worn)
Scrolls
 d - a scroll of blinking {unknown}
 e - a scroll of revelation {unknown}
Potions
 c - a potion of might


   Skills:
 - Level 3.0 Fighting
 * Level 3.9 Axes
 - Level 3.0 Dodging
 - Level 3.0 Shields


You had 2 spell levels left.
You didn't know any spells.
Your spell library was empty.

Dungeon Overview and Level Annotations

Branches:
Dungeon (2/15)

Altars:


Innate Abilities, Weirdness & Mutations

You cannot wear most types of armour.
You are amphibious.
You can wear up to eight rings at the same time.
Your skin changes colour to match your surroundings (Stealth+).
Your rubbery body absorbs attacks. (AC +1, EV +1)
((You are camouflaged when in or above water. (Stealth+)))
You have tentacles for arms and can constrict up to eight enemies at once.


Message History

The gnoll is lightly wounded.
You constrict the gnoll. You block the gnoll's attack.
There are monsters nearby!
You hit the gnoll.
The gnoll is moderately wounded.
You constrict the gnoll. The gnoll closely misses you.
The gnoll barely misses you.
There are monsters nearby!
You hit the gnoll but do no damage.
The gnoll is heavily wounded.
You closely miss the gnoll. You constrict the gnoll.
The gnoll closely misses you. The gnoll barely misses you.
You slash the gnoll!
You kill the gnoll!
You barely miss the gnoll. The gnoll misses you.
The gnoll throws a throwing net.
The throwing net hits you.
You become entangled in the net!
There are monsters nearby!
You are held in a net!
There are monsters nearby!
You are held in a net!
There are monsters nearby!
You are held in a net!
Unknown command.
You tear a large gash into the net.
The gnoll hits you with a +0 club.
You shred the net and break free! The gnoll hits you with a +0 club.
You block the gnoll's attack. The gnoll misses you.
The gnoll hits you with a +0 halberd!
Ouch! That really hurt!
* * * LOW HITPOINT WARNING * * *
You see here a +0 spear.
You are too injured to fight recklessly!
Unknown command.
You are too injured to fight recklessly!
Unknown command.
Okay, then.
You closely miss the gnoll. You grab the gnoll. You hit the gnoll.
You constrict the gnoll. The gnoll closely misses you.
You block the gnoll's attack. The gnoll hits you with a +0 club.
You die...

.........)...##.#
.#####........#
#.#....<##
#.####.## #.#
#.## #.# ## #.#
######.# #..g@..#
.......g....#
####.######.# #
.# #


You could see 2 gnolls.

Vanquished Creatures
  A gnoll (D:2)
  A dart slug (D:1)
  3 ball pythons (D:1)
  3 endoplasms (D:1)
  4 giant cockroaches (D:1)
  A goblin (D:1)
  3 hobgoblins (D:1)
  A kobold (D:2)
  2 quokkas (D:1)
  4 bats (D:1)
  3 frilled lizards (D:1)
  4 rats
30 creatures vanquished.

Notes
Turn   | Place    | Note
-------+----------+-------------------------------------------
     0 | D:1      | Kurtz the Octopode Fighter began the quest for the Orb.
     0 | D:1      | Reached XP level 1. HP: 16/16 MP: 1/1
    86 | D:1      | Reached XP level 2. HP: 21/21 MP: 2/2
   268 | D:1      | Reached XP level 3. HP: 26/26 MP: 3/3
   625 | D:2      | HP: 1/26 [gnoll/+0 halberd (14)]
   626 | D:2      | Slain by a gnoll

Illustrated notes

Levels and vault maps discovered:
D:1:      heliophobic_arrival_battle_scene, layout_basic
D:2:      layout_loops_ring, serial_shops, shop

Skill      XL: |  1  2 |
---------------+-------+-----
Axes           | 3 |  3.9
Fighting       | |  3.0
Dodging        | |  3.0
Shields        | |  3.0

Action                     || total
---------------------------++-------
  Melee: War axe           ||    49
         Constrict         ||    13
         Tentacles         ||     6
         Punch             ||     1
   Stab: Sleeping          ||     9
 Armour: Skin              ||    14
  Dodge: Dodged            ||    35
  Block: Buckler           ||    11

Table legend: (Time is in decaauts)
 A = Elapsed time spent in this place.
 B = Non-inter-level travel time spent in this place.
 C = Inter-level travel time spent in this place.
 D = Time resting spent in this place.
 E = Time spent auto-exploring this place.
 F = Levels seen in this place.
 G = Mean time per level.
                   A        B        C        D        E       F      G
               +--------+--------+--------+--------+--------+-----+--------+
         Total |    644 |    618 |     26 |      0 |    433 |   2 |  322.0 |
       Dungeon |    644 |    618 |     26 |      0 |    433 |   2 |  322.0 |
               +--------+--------+--------+--------+--------+-----+--------+

Top non-repeatable levels by time:
     D:1: 614 daAuts
     D:2: 29 daAuts
